| TOP OF THE 1ST |
|
Aberdeen Ironbirds batting - Pitching for Los Angeles (NYP) Angels : LHP Jon Lawson
|
|
Pitching: LHP Jon Lawson
|
|
|
Batting: RHB Kevin Popowicz
|
0-0: Ball 1-0: Foul Ball, location: 2F 1-1: Foul Ball, location: 2F 1-2: Ball 2-2: Foul Ball, location: 2F 2-2: Foul Ball, location: 2F 2-2: Fly out, F4 (Flyball, 34D, EV 92.5 MPH)
|
|
Batting: RHB Maup Gommers
|
0-0: Called Strike 0-1: Ball 1-1: Foul Ball, location: 2F 1-2: Ball 2-2: Foul Ball, location: 2F 2-2: SINGLE (Groundball, 56D, EV 100.6 MPH)
|
|
Batting: RHB Jonathan Mendoza
|
0-0: Ball 1-0: Foul Ball, location: 2F 1-1: Ball 2-1: Ball 3-1: Base on Balls Maup Gommers to second
|
|
Batting: LHB Sam Williams
|
0-0: Called Strike 0-1: Foul Ball, location: 2F 0-2: 3-RUN HOME RUN (Flyball, 7D, EV 101.9 MPH), Distance : 390 ft
|
|
Batting: RHB Wil Ochoa
|
0-0: Ball 1-0: Fly out, F6 (Line Drive, 6, EV 70.0 MPH)
|
|
Batting: LHB Vinny Rivera
|
0-0: Called Strike 0-1: Foul Ball, location: 2F 0-2: Ball 1-2: Foul Ball, location: 2F 1-2: Foul Ball, location: 2F 1-2: Foul Ball, location: 2F 1-2: Strikes out swinging
|
| Top of the 1st over - 3 runs, 2 hits, 0 errors, 0 left on base; Aberdeen 3 - Los Angeles (NYP) 0 |
| BOTTOM OF THE 1ST |
|
Los Angeles (NYP) Angels batting - Pitching for Aberdeen Ironbirds : RHP Olaf Barker
|
|
Pitching: RHP Olaf Barker
|
|
|
Batting: RHB Dan Myers
|
0-0: Ball 1-0: Ball 2-0: Ball 3-0: Called Strike 3-1: Foul Ball, location: 2F 3-2: Foul Ball, location: 2F 3-2: Strikes out swinging
|
|
Batting: RHB Rory Cobb
|
0-0: Called Strike 0-1: Ball 1-1: Ball 2-1: Swinging Strike 2-2: Strikes out swinging
|
|
Batting: RHB Kyle Gray
|
0-0: Foul Ball, location: 2F 0-1: Swinging Strike 0-2: Strikes out looking
|
| Bottom of the 1st over - 0 runs, 0 hits, 0 errors, 0 left on base; Aberdeen 3 - Los Angeles (NYP) 0 |
| TOP OF THE 2ND |
|
Aberdeen Ironbirds batting - Pitching for Los Angeles (NYP) Angels : LHP Jon Lawson
|
|
Batting: RHB Fernando Bravo
|
0-0: Ball 1-0: Called Strike 1-1: Called Strike 1-2: Strikes out swinging
|
|
Batting: RHB Matt Berrier
|
0-0: Ball 1-0: Ground out 5-3 (Groundball, 5L, EV 76.9 MPH)
|
|
Batting: SHB Carlos Carrillo
|
0-0: Called Strike 0-1: Foul Ball, location: 2F 0-2: Foul Ball, location: 2F 0-2: Foul Ball, location: 2F 0-2: TRIPLE (Line Drive, 8RXD, EV 108.8 MPH)
|
|
Batting: RHB Kevin Popowicz
|
0-0: Ball 1-0: Fly out, F4 (Popup, 4D, EV 66.9 MPH)
|
| Top of the 2nd over - 0 runs, 1 hit, 0 errors, 1 left on base; Aberdeen 3 - Los Angeles (NYP) 0 |
| BOTTOM OF THE 2ND |
|
Los Angeles (NYP) Angels batting - Pitching for Aberdeen Ironbirds : RHP Olaf Barker
|
|
Batting: SHB Danny Gelinas
|
0-0: Called Strike 0-1: Called Strike 0-2: Ball 1-2: Strikes out looking
|
|
Batting: RHB Dan Burkhart
|
0-0: Ball 1-0: Ball 2-0: Ball 3-0: Foul Ball, location: 2F 3-1: Called Strike 3-2: Strikes out swinging
|
|
Batting: LHB Spencer Palmer
|
0-0: SINGLE (Groundball, 34D, EV 94.4 MPH)
|
|
Batting: RHB David Rhodes
|
0-0: Ball 1-0: Fielders Choice at 2nd, 6-4 (Groundball, 6, EV 88.1 MPH)
|
| Bottom of the 2nd over - 0 runs, 1 hit, 0 errors, 1 left on base; Aberdeen 3 - Los Angeles (NYP) 0 |
| TOP OF THE 3RD |
|
Aberdeen Ironbirds batting - Pitching for Los Angeles (NYP) Angels : LHP Jon Lawson
|
|
Batting: RHB Maup Gommers
|
0-0: Called Strike 0-1: Called Strike 0-2: Ground out 6-3 (Groundball, 6M, EV 106.2 MPH)
|
|
Batting: RHB Jonathan Mendoza
|
0-0: Ball 1-0: Called Strike 1-1: Ground out 2-3 (Groundball, 2R, EV 73.1 MPH)
|
|
Batting: LHB Sam Williams
|
0-0: Ball 1-0: Ball 2-0: Foul Ball, location: 2F 2-1: Ball 3-1: Foul Ball, location: 2F 3-2: Foul Ball, location: 2F 3-2: Foul Ball, location: 2F 3-2: Strikes out looking
|
| Top of the 3rd over - 0 runs, 0 hits, 0 errors, 0 left on base; Aberdeen 3 - Los Angeles (NYP) 0 |
| BOTTOM OF THE 3RD |
|
Los Angeles (NYP) Angels batting - Pitching for Aberdeen Ironbirds : RHP Olaf Barker
|
|
Batting: LHB Alberto Carrillo
|
0-0: Called Strike 0-1: Called Strike 0-2: Ball 1-2: Ball 2-2: Strikes out swinging
|
|
Batting: RHB Ron Major
|
0-0: Called Strike 0-1: Foul Ball, location: 2F 0-2: Strikes out swinging
|
|
Batting: RHB Dan Myers
|
0-0: Ball 1-0: Foul Ball, location: 2F 1-1: SINGLE (Groundball, 4MD, EV 98.1 MPH)
|
|
Batting: RHB Rory Cobb
|
0-0: Ball 1-0: Called Strike Dan Myers steals 2nd base 1-1: SINGLE (Line Drive, 9S, EV 91.2 MPH) Dan Myers to third Runner from 3rd tries for Home, SAFE, throw by RF to home Rory Cobb to second
|
|
Batting: RHB Kyle Gray
|
0-0: Called Strike 0-1: Called Strike 0-2: Ground out 6-3 (Groundball, 6, EV 109.4 MPH)
|
| Bottom of the 3rd over - 1 run, 2 hits, 0 errors, 1 left on base; Aberdeen 3 - Los Angeles (NYP) 1 |
| TOP OF THE 4TH |
|
Aberdeen Ironbirds batting - Pitching for Los Angeles (NYP) Angels : LHP Jon Lawson
|
|
Batting: RHB Wil Ochoa
|
0-0: Ball 1-0: Ball 2-0: Ball 3-0: Called Strike 3-1: Base on Balls
|
|
Batting: LHB Vinny Rivera
|
0-0: Ball 1-0: Ball Wil Ochoa is caught stealing 2nd base 2-6 2-0: Ball 3-0: Called Strike 3-1: Foul Ball, location: 2F 3-2: Base on Balls
|
|
Batting: RHB Fernando Bravo
|
0-0: Ball 1-0: Ball 2-0: Called Strike 2-1: Foul Ball, location: 2F 2-2: Foul Ball, location: 2F 2-2: Grounds into double play, 4-6-3 (Groundball, 34S, EV 83.8 MPH)
|
| Top of the 4th over - 0 runs, 0 hits, 0 errors, 0 left on base; Aberdeen 3 - Los Angeles (NYP) 1 |
| BOTTOM OF THE 4TH |
|
Los Angeles (NYP) Angels batting - Pitching for Aberdeen Ironbirds : RHP Olaf Barker
|
|
Batting: SHB Danny Gelinas
|
0-0: Ball 1-0: Foul Ball, location: 2F 1-1: Called Strike 1-2: Hit by Pitch
|
|
Batting: RHB Dan Burkhart
|
0-0: Ball 1-0: SINGLE (Groundball, 56, EV 104.4 MPH) Danny Gelinas to second
|
|
Batting: LHB Spencer Palmer
|
0-0: Fly out, F7 (Flyball, 78S, EV 86.9 MPH)
|
|
Batting: RHB David Rhodes
|
0-0: SINGLE (Groundball, 56D, EV 94.4 MPH) Danny Gelinas to third Dan Burkhart to second Runner from 3rd tries for Home, SAFE, throw by LF to home
|
|
Batting: LHB Alberto Carrillo
|
0-0: Ball 1-0: Fielders Choice at 2nd, 6-4 (Groundball, 6M, EV 108.1 MPH) Dan Burkhart to third
|
|
Batting: RHB Ron Major
|
0-0: Ball 1-0: Swinging Strike 1-1: Ball 2-1: Swinging Strike 2-2: Foul Ball, location: 2F 2-2: Strikes out looking
|
| Bottom of the 4th over - 1 run, 2 hits, 0 errors, 2 left on base; Aberdeen 3 - Los Angeles (NYP) 2 |
| TOP OF THE 5TH |
|
Aberdeen Ironbirds batting - Pitching for Los Angeles (NYP) Angels : LHP Jon Lawson
|
|
Batting: RHB Matt Berrier
|
0-0: Called Strike 0-1: Ball 1-1: Called Strike 1-2: Hit by Pitch
|
|
Pitching: LHP Paul Griffin
|
|
|
Batting: SHB Carlos Carrillo
|
0-0: Swinging Strike 0-1: Foul Ball, location: 2F 0-2: Foul Ball, location: 2F 0-2: Strikes out swinging
|
|
Batting: RHB Kevin Popowicz
|
0-0: Ball 1-0: Called Strike 1-1: Ball 2-1: Ball 3-1: Foul Ball, location: 2F 3-2: Foul Ball, location: 2F 3-2: Strikes out swinging
|
|
Batting: RHB Maup Gommers
|
0-0: Ground out 4-3 (Groundball, 34, EV 80.0 MPH)
|
| Top of the 5th over - 0 runs, 0 hits, 0 errors, 1 left on base; Aberdeen 3 - Los Angeles (NYP) 2 |
| BOTTOM OF THE 5TH |
|
Los Angeles (NYP) Angels batting - Pitching for Aberdeen Ironbirds : RHP Olaf Barker
|
|
Batting: RHB Dan Myers
|
0-0: Ball 1-0: Hit by Pitch
|
|
Batting: RHB Rory Cobb
|
0-0: Ball 1-0: Ball 2-0: Called Strike 2-1: Called Strike 2-2: Strikes out swinging
|
|
Batting: RHB Kyle Gray
|
0-0: Ball 1-0: Ball Dan Myers is caught stealing 2nd base 2-4 2-0: Ball 3-0: Called Strike 3-1: Base on Balls
|
|
Batting: SHB Danny Gelinas
|
0-0: Swinging Strike 0-1: Ball 1-1: Ball 2-1: Called Strike 2-2: Ground out 6-3 (Groundball, 4, EV 110.6 MPH)
|
| Bottom of the 5th over - 0 runs, 0 hits, 0 errors, 1 left on base; Aberdeen 3 - Los Angeles (NYP) 2 |
| TOP OF THE 6TH |
|
Aberdeen Ironbirds batting - Pitching for Los Angeles (NYP) Angels : LHP Paul Griffin
|
|
Batting: RHB Jonathan Mendoza
|
0-0: Called Strike 0-1: Foul Ball, location: 2F 0-2: Ball 1-2: Ball 2-2: Ball 3-2: Base on Balls
|
|
Batting: LHB Sam Williams
|
0-0: Called Strike 0-1: Ball 1-1: Ball 2-1: Called Strike 2-2: Strikes out looking
|
|
Batting: RHB Wil Ochoa
|
0-0: Fielders Choice at 2nd, 6-4 (Groundball, 56, EV 85.6 MPH)
|
|
Batting: LHB Vinny Rivera
|
0-0: Ball Wil Ochoa is caught stealing 2nd base 2-6
|
| Top of the 6th over - 0 runs, 0 hits, 0 errors, 0 left on base; Aberdeen 3 - Los Angeles (NYP) 2 |
| BOTTOM OF THE 6TH |
|
Los Angeles (NYP) Angels batting - Pitching for Aberdeen Ironbirds : RHP Olaf Barker
|
|
Batting: RHB Dan Burkhart
|
0-0: Ball 1-0: Foul Ball, location: 2F 1-1: Ball 2-1: Foul Ball, location: 2F 2-2: Ball 3-2: Strikes out swinging
|
|
Batting: LHB Spencer Palmer
|
0-0: Ball 1-0: Ground out 5-3 (Groundball, 5, EV 85.0 MPH)
|
|
Batting: RHB David Rhodes
|
0-0: Called Strike 0-1: Fly out, F6 (Line Drive, 6MD, EV 66.2 MPH)
|
| Bottom of the 6th over - 0 runs, 0 hits, 0 errors, 0 left on base; Aberdeen 3 - Los Angeles (NYP) 2 |
| TOP OF THE 7TH |
|
Aberdeen Ironbirds batting - Pitching for Los Angeles (NYP) Angels : LHP Paul Griffin
|
|
Batting: LHB Vinny Rivera
|
0-0: Ball 1-0: Called Strike 1-1: Foul Ball, location: 2F 1-2: Ground out U3 (Groundball, 3L, EV 103.1 MPH)
|
|
Batting: RHB Fernando Bravo
|
0-0: Ball 1-0: Foul Ball, location: 2F 1-1: Ball 2-1: Ball 3-1: Foul Ball, location: 2F 3-2: Ground out 4-3 (Groundball, 4, EV 90.6 MPH)
|
|
Batting: RHB Matt Berrier
|
0-0: Ball 1-0: DOUBLE (Groundball, 5L, EV 104.4 MPH)
|
|
Batting: SHB Carlos Carrillo
|
0-0: TRIPLE (Flyball, 7LD, EV 97.5 MPH) Matt Berrier scores
|
|
Batting: RHB Kevin Popowicz
|
0-0: Called Strike 0-1: SINGLE (Groundball, 6M, EV 83.8 MPH) (infield hit) Carlos Carrillo scores
|
|
Batting: RHB Maup Gommers
|
0-0: Ball Kevin Popowicz steals 2nd base 1-0: Foul Ball, location: 2F 1-1: Swinging Strike 1-2: Strikes out swinging
|
| Top of the 7th over - 2 runs, 3 hits, 0 errors, 1 left on base; Aberdeen 5 - Los Angeles (NYP) 2 |
| BOTTOM OF THE 7TH |
|
Los Angeles (NYP) Angels batting - Pitching for Aberdeen Ironbirds : RHP Olaf Barker
|
|
Batting: LHB Alberto Carrillo
|
0-0: Swinging Strike 0-1: SINGLE (Groundball, 4MD, EV 98.1 MPH)
|
|
Batting: RHB Ron Major
|
0-0: Called Strike 0-1: SINGLE (Groundball, 34, EV 81.9 MPH) (infield hit) Alberto Carrillo to second
|
|
Batting: RHB Dan Myers
|
0-0: Called Strike 0-1: Foul Ball, location: 2F 0-2: Ball 1-2: Strikes out swinging
|
|
Batting: RHB Rory Cobb
|
0-0: Swinging Strike 0-1: SINGLE (Groundball, 6MS, EV 92.5 MPH) (infield hit) Alberto Carrillo to third Ron Major to second
|
|
Pitching: RHP Art Boulter
|
|
|
Batting: RHB Kyle Gray
|
0-0: Ball 1-0: Ball 2-0: Grounds into fielders choice 5-2 (Groundball, 56S, EV 79.4 MPH) Ron Major to third Rory Cobb to second
|
|
Batting: SHB Danny Gelinas
|
0-0: Ball 1-0: Fly out, F8 (Flyball, 8RXD, EV 105.0 MPH)
|
| Bottom of the 7th over - 0 runs, 3 hits, 0 errors, 3 left on base; Aberdeen 5 - Los Angeles (NYP) 2 |
| TOP OF THE 8TH |
|
Aberdeen Ironbirds batting - Pitching for Los Angeles (NYP) Angels : LHP Paul Griffin
|
|
Batting: RHB Jonathan Mendoza
|
0-0: Foul Ball, location: 2F 0-1: Foul Ball, location: 2F 0-2: Ball 1-2: SINGLE (Groundball, 6MD, EV 96.2 MPH)
|
|
Batting: LHB Sam Williams
|
0-0: Foul Ball, location: 2F 0-1: Foul Ball, location: 2F 0-2: Fly out, F7 (Flyball, 7LS, EV 91.2 MPH)
|
|
Pitching: RHP Javier Carrasco
|
|
|
Batting: RHB Wil Ochoa
|
0-0: Ball 1-0: Ball 2-0: Ball 3-0: Called Strike 3-1: Foul Ball, location: 2F 3-2: Foul Ball, location: 2F 3-2: Base on Balls Jonathan Mendoza to second
|
|
Batting: LHB Vinny Rivera
|
0-0: Ball 1-0: DOUBLE (Line Drive, 78XD, EV 108.8 MPH) Jonathan Mendoza scores Wil Ochoa to third Runner from 3rd tries for Home, SAFE, throw by LF to home
|
|
Batting: RHB Fernando Bravo
|
0-0: Ball 1-0: Ball Wild Pitch! Vinny Rivera to third 2-0: Called Strike 2-1: Foul Ball, location: 2F 2-2: 2-RUN HOME RUN (Flyball, 7D, EV 100.0 MPH), Distance : 389 ft
|
|
Pinch Hitting: RHB Juan Eyrich
|
0-0: Ball 1-0: Ball 2-0: TRIPLE (Flyball, 8RXD, EV 96.9 MPH)
|
|
Batting: SHB Carlos Carrillo
|
0-0: Ball 1-0: Ball 2-0: Ground out 4-3 (Groundball, 4, EV 102.5 MPH) Juan Eyrich scores
|
|
Pinch Hitting: RHB Carlos Teniente
|
0-0: Ball 1-0: Swinging Strike 1-1: Ground out 6-3 (Groundball, 6, EV 81.2 MPH)
|
| Top of the 8th over - 5 runs, 4 hits, 0 errors, 0 left on base; Aberdeen 10 - Los Angeles (NYP) 2 |
| BOTTOM OF THE 8TH |
|
Los Angeles (NYP) Angels batting - Pitching for Aberdeen Ironbirds : RHP Art Boulter
|
|
Now at 1B: Carlos Teniente
|
|
|
Now at 2B: Juan Eyrich
|
|
|
Now at 3B: Maup Gommers
|
|
|
Now at SS: Fernando Bravo
|
|
|
Batting: RHB Dan Burkhart
|
0-0: Ball 1-0: Foul Ball, location: 2F 1-1: Called Strike 1-2: SINGLE (Line Drive, 6MD, EV 98.8 MPH)
|
|
Batting: LHB Spencer Palmer
|
0-0: Swinging Strike 0-1: Called Strike 0-2: Ball 1-2: Ball 2-2: Foul Ball, location: 2F 2-2: Fielders Choice at 2nd, 2-4 (Groundball, 15S, EV 65.0 MPH)
|
|
Batting: RHB David Rhodes
|
0-0: Grounds into double play, 4-6-3 (Groundball, 4, EV 108.8 MPH)
|
| Bottom of the 8th over - 0 runs, 1 hit, 0 errors, 0 left on base; Aberdeen 10 - Los Angeles (NYP) 2 |
| TOP OF THE 9TH |
|
Aberdeen Ironbirds batting - Pitching for Los Angeles (NYP) Angels : RHP Javier Carrasco
|
|
Pitching: RHP Jamie Snyder
|
|
|
Pinch Hitting: SHB Chris Wright
|
0-0: Called Strike 0-1: Ball 1-1: Ground out 4-3 (Groundball, 4, EV 84.4 MPH)
|
|
Pinch Hitting: LHB Jeremy Nuzzo
|
0-0: Ball 1-0: Called Strike 1-1: Ground out 4-3 (Groundball, 4, EV 91.2 MPH)
|
|
Batting: LHB Sam Williams
|
0-0: Ball 1-0: Ball 2-0: Called Strike 2-1: Ball 3-1: Called Strike 3-2: Strikes out looking
|
| Top of the 9th over - 0 runs, 0 hits, 0 errors, 0 left on base; Aberdeen 10 - Los Angeles (NYP) 2 |
| BOTTOM OF THE 9TH |
|
Los Angeles (NYP) Angels batting - Pitching for Aberdeen Ironbirds : RHP Art Boulter
|
|
Now at 3B: Chris Wright
|
|
|
Now in RF: Jeremy Nuzzo
|
|
|
Batting: LHB Alberto Carrillo
|
0-0: Called Strike 0-1: Swinging Strike 0-2: Strikes out looking
|
|
Pinch Hitting: LHB Matthew Bale
|
0-0: Ground out 6-3 (Groundball, 6M, EV 100.0 MPH)
|
|
Batting: RHB Dan Myers
|
0-0: Foul Ball, location: 2F 0-1: Ball 1-1: Ball 2-1: Foul Ball, location: 2F 2-2: Strikes out swinging
|
| Bottom of the 9th over - 0 runs, 0 hits, 0 errors, 0 left on base; Aberdeen 10 - Los Angeles (NYP) 2 |
|